 Dungeon Crawl Stone Soup version 0.20-a0-983-g35de22d (webtiles) character file.

16 M4edhros the Changer (level 2, 0/14 HPs)
             Began as a Spriggan Transmuter on Apr 9, 2017.
             Slain by a hound (3 damage)
             ... on level 4 of the Dungeon on Apr 10, 2017.
             The game lasted 00:02:02 (360 turns).

M4edhros the Changer (Spriggan Transmuter)           Turns: 360, Time: 00:02:02

Health: 0/14       AC:  2    Str:  6    XL:     2   Next: 41%
Magic:  15/15      EV: 24    Int: 14    God:
Gold:   12         SH:  0    Dex: 21    Spells: 5/6 levels left

rFire    . . .     SeeInvis +     - Unarmed
rCold    . . .     Gourm    .   (shield restricted)
rNeg     . . .     Faith    .   b - +0 robe
rPois    .         Spirit   .   (helmet restricted)
rElec    .         Reflect  .   (no cloak)
rCorr    .         Harm     .   (gloves unavailable)
MR       .....                  (boots unavailable)
Stlth    +++.......             (no amulet)
Regen    0.1/turn               f - ring of magical power
MPRegen  0.2/turn               (no ring)

@: agile, appendage, very quick
A: unfitting armour, talons 3, see invisible, herbivore 3, speed 3, slow
metabolism 2
a: End Transformation


You were on level 4 of the Dungeon.
You were not hungry.
You had grown temporary talons.
You visited 1 branch of the dungeon, and saw 4 of its levels.

You collected 12 gold pieces.

Inventory:

Missiles
 a - 12 arrows
Armour
 b - a +0 robe (worn)
Jewellery
 f - a ring of magical power (left hand)
Scrolls
 h - a scroll of immolation {unknown}
 i - a scroll of noise {unknown}
 j - a scroll of teleportation {unknown}
 k - a scroll of fear {unknown}
Books
 c - a book of Changes

   Spells                             Type                      Level
   a - Beastly Appendage              Transmutation                1
   b - Sticks to Snakes               Transmutation                2
   c - Spider Form                    Transmutation/Poison         3
   d - Ice Form                       Ice/Transmutation            4
   e - Blade Hands                    Transmutation                5
Comestibles
 d - 2 bread rations
 l - a royal jelly


   Skills:
 - Level 0.7 Fighting
 - Level 3.0 Dodging
 + Level 2.7 Unarmed Combat
 - Level 2.6 Spellcasting
 + Level 3.5 Transmutations


You had 5 spell levels left.
You knew the following spells:

 Your Spells              Type           Power        Failure   Level  Hunger
a - Beastly Appendage     Tmut           ##....       6%          1    #......


Dungeon Overview and Level Annotations

Branches:
Dungeon (4/15)
 Temple: D:4-7

Altars:
Fedhas


Innate Abilities, Weirdness & Mutations

You are very small and have problems with some larger weapons.
You are too small for most types of armour.
You have supernaturally acute eyesight. (SInv)
You are a herbivore.
You cover ground extremely quickly.
You need consume almost no food.
You have claws for feet.


Message History

The hound closely misses you. The adder barely misses you. The hound bites you.
* * * LOW HITPOINT WARNING * * *
It was a potion of curing.
You feel better. The adder closely misses you. The hound misses you.
The adder completely misses you.
You closely miss the adder.
The adder is moderately wounded.
The hound misses you. The adder misses you. The hound misses you.
You hit the adder. Your kick misses the adder.
The adder is heavily wounded.
The adder misses you. The hound misses you.
You closely miss the adder. Your kick misses the adder.
The adder is heavily wounded.
The hound bites you.
* * * LOW HITPOINT WARNING * * *
The adder barely misses you.
You hit the adder.
The adder is almost dead.
The hound closely misses you. The adder closely misses you.
The hound bites you.
You die...

############
###...........
#.....########
#######.....### #
#.S@h........... #
......#####.....###.#
# ..... #.....### #
#### ###.##....####
#.# .#...<.. #.#
.#.#.... .# #.### #.
# #.#.###


You could see a hound and an adder.

Vanquished Creatures
  2 dart slugs
  A bat (D:1)
  2 giant cockroaches
  3 goblins
  2 kobolds (D:1)
  A frilled lizard (D:4)
11 creatures vanquished.

Notes
Turn   | Place    | Note
-------+----------+-------------------------------------------
     0 | D:1      | M4edhros the Spriggan Transmuter began the quest for the Orb.
     0 | D:1      | Reached XP level 1. HP: 9/9 MP: 5/5
     0 | D:1      | Upgraded the game from 0.20-a0-972-gb9bd3e6 to 0.20-a0-983-g35de22d
   184 | D:2      | Reached XP level 2. HP: 4/14 MP: 6/6
   201 | D:2      | Found a blossoming altar of Fedhas.
   360 | D:4      | Slain by a hound

Vault maps used:
D:1:      dpeg_arrival_oval, feat_on_display
D:2:      nicolae_overflow_crystal_walls, first_bread, grunt_decor_mini_mirrors
D:3:      uniq_grinder, uniq_crazy_yiuf_cottage, uniq_robin
D:4:      grunt_temple_overflow_cloverleaf, kennysheep_mini,
          minmay_temple_entry_large_hall

Skill      XL: |  1 |
---------------+----+-----
Transmutations | 3 |  3.5
Fighting       | |  0.7
Dodging        | |  3.0
Unarmed Combat | |  2.7
Spellcasting   | |  2.6

Action                   || total
-------------------------++-------
Melee: Unarmed           ||    70
       Headbutt          ||     2
       Kick              ||     2
 Cast: Beastly Appendage ||     6
  Use: Potion            ||     2
 Stab: Sleeping          ||     1
Armor: Robe              ||     6
Dodge: Dodged            ||    56
